AoeStats
← Nexblux

Arabia

510698290Analyzed
1v1 RM · 16h ago on Oct 2, 2026· 26m 17s· 2 players
Game mode
Random Map
Map size
Tiny (2 player)
Population
200
Speed
Normal
Resources
Standard
Victory
Conquest
Starting age
Dark Age
Ending age
Imperial Age
RankedLock teamsTeams togetherTeam positionsShared explorationLock speedFull tech treeHidden civsTurbo modeCheats
Victory
Defeat
🇦🇷 Hindustanis · Argentina
943
+17
🇨🇳 Sicilians · China
969
-17
Nexblux
8:18 Loom
11:22 Feudal Age
11:49 Double-Bit Axe
18:39 Castle Age
24:44 Scale Mail Armor
Wilie
7:29 Loom
11:06 Feudal Age
13:43 Horse Collar
14:28 Double-Bit Axe
23:38 Castle Age
21:44 Fletching
21:55 Padded Archer Armor
22:37 Scale Mail Armor
24:54 Chain Mail Armor
24:49 Forging
24:28 Gambesons
24:44 Squires
Connection lost

Rejoining the realm…

Still unreachable

The connection could not be restored.

Session expired

The server has moved on; the page needs a fresh start.